 Dungeon Crawl Stone Soup version 0.25.0-9-g26727b657a (webtiles) character file.

Game seed: 18122358459427677113

228 shadizar the Ruffian (level 5, 0/46 HPs)
             Began as a Draconian Transmuter on June 17, 2020.
             Killed by divine providence
             ... invoked by an orc priest
              (11 damage)
             ... on level 4 of the Dungeon.
             The game lasted 00:07:15 (4328 turns).

shadizar the Ruffian (Draconian Transmuter)         Turns: 4328, Time: 00:07:16

Health: 0/46       AC:  6    Str: 13    XL:     5   Next: 71%
Magic:  8/9        EV: 13    Int: 13    God:
Gold:   185        SH:  0    Dex: 12    Spells: 6/9 levels left

rFire    . . .     SeeInvis .     - Unarmed
rCold    . . .     Gourm    .   (no shield)
rNeg     . . .     Faith    .   (armour unavailable)
rPois    .         Spirit   .   (helmet restricted)
rElec    .         Reflect  .   j - +0 cloak
rCorr    .         Harm     .   (no gloves)
MR       .....                  (no boots)
Stlth    +.........             (no amulet)
HPRegen  0.15/turn              (no ring)
MPRegen  0.11/turn              (no ring)

@: appendage
A: unfitting armour, horns 2, cold-blooded, AC +5
a: End Transformation


You were on level 4 of the Dungeon.
You were not hungry.
You had grown temporary horns.
You visited 1 branch of the dungeon, and saw 4 of its levels.

You collected 185 gold pieces.

Inventory:

Missiles
 a - 24 arrows
 d - 89 stones (quivered)
 g - 20 poisoned darts
Armour
 j - a +0 cloak (worn)
 r - a +0 pair of gloves
Jewellery
 q - an uncursed ring of ice {unknown}
Scrolls
 b - 5 scrolls of identify {unknown}
 k - a scroll of blinking {unknown}
 l - a scroll of teleportation {unknown}
 m - a scroll of amnesia {unknown}
 o - a scroll of fear {unknown}
 p - a scroll of enchant armour {unknown}
 s - a scroll of noise {unknown}
 t - a scroll of enchant weapon {unknown}
Potions
 e - a potion of mutation {unknown}
 f - a potion of might {unknown}
 h - a potion of flight {unknown}
 i - a potion of haste {unknown}
 n - a potion of lignification {unknown}
 u - a potion of curing {unknown}
Comestibles
 c - 7 rations


   Skills:
 * Level 3.6 Fighting
 + Level 2.6 Dodging
 + Level 3.7 Unarmed Combat
 + Level 2.8 Spellcasting
 + Level 3.0 Transmutations


You had 6 spell levels left.
You knew the following spells:

 Your Spells              Type           Power        Failure   Level  Hunger
a - Beastly Appendage     Tmut           #.....       7%          1    #......
b - Sticks to Snakes      Tmut           #.......     10%         2    ###....

Your spell library contained the following spells:

 Spells                   Type           Power        Failure   Level  Hunger
 Spider Form              Tmut/Pois      #.........   36%         3    ###....
 Ice Form                 Ice/Tmut       #.......     77%         4    #####..
 Blade Hands              Tmut           #.........   88%         5    ######.


Dungeon Overview and Level Annotations

Branches:
Dungeon (4/15)
 Temple: D:4-7

Altars:
Gozag
Hepliaklqana
Ru


Innate Abilities, Weirdness & Mutations

Your plain brown scales are hard. (AC +5)
You cannot fit into any form of body armour.
You are cold-blooded and may be slowed by cold attacks.
You have a pair of horns on your head.


Message History

The orc priest hits you.
You are too injured to fight recklessly!
You are too injured to fight recklessly!
You are too injured to fight recklessly!
Casting: Beastly Appendage (safe; 7% risk of failure)
Confirm with . or Enter, or press ? or * to list all spells.
You grow a pair of large bovine horns.
The orc priest closely misses you.
You hit the orc priest but do no damage.
The orc priest is heavily wounded.
The orc priest closely misses you.
You closely miss the orc priest. You headbutt the orc priest.
The orc priest is almost dead.
The orc priest invokes the aid of Beogh against you.
Pain shoots through your body!
* * * LOW HITPOINT WARNING * * *
You hit the orc priest but do no damage.
The orc priest is almost dead.
The orc priest calls down the wrath of Beogh upon you.
Beogh smites you!
You die...

##..............##
#..............## #
##.............## ##
#.............##
.###............##
..###..........##
..###.......##..##
...#......#####..######.
......##### ##@.......
....### #o)...... ...##
...#..... ..##
#..##..... ..## ..##
.... ...# ..# .. ...# .#
. ...# .. ...#


You could see an orc priest.

Vanquished Creatures
  Natasha (twice) (D:2)
  A centaur skeleton (D:4)
  6 adders
  2 oozes
  4 worms
  4 dart slugs
  A leopard gecko (D:3)
  4 orcs
  2 giant cockroaches
  5 goblins
  9 hobgoblins
  4 jackals
  A quokka (D:3)
  5 ball pythons
  6 bats
  3 frilled lizards (D:1)
  5 kobolds
  8 rats
72 creatures vanquished.

Notes
Turn   | Place    | Note
-------+----------+-------------------------------------------
     0 | D:1      | shadizar the Draconian Transmuter began the quest for the
                  | Orb.
     0 | D:1      | Reached XP level 1. HP: 16/16 MP: 3/3
   368 | D:1      | Reached XP level 2. HP: 23/23 MP: 5/5
  1085 | D:1      | Reached XP level 3. HP: 26/29 MP: 6/6
  1798 | D:2      | Found a sacrificial altar of Ru.
  2493 | D:2      | Found an opulent altar of Gozag.
  2542 | D:2      | Noticed Natasha
  2550 | D:2      | Killed Natasha
  2550 | D:2      | Reached XP level 4. HP: 18/37 MP: 5/7
  2559 | D:2      | Learned a level 2 spell: Sticks to Snakes
  2841 | D:2      | Noticed Natasha
  2854 | D:2      | Killed Natasha
  3031 | D:2      | Found a hazy altar of Hepliaklqana.
  3268 | D:3      | Reached XP level 5. HP: 25/45 MP: 8/8
  4328 | D:4      | Killed from afar by an orc priest

Illustrated notes

Levels and vault maps discovered:
D:1:      sevenhm_arrival_forest_fort_large_4, layout_basic
D:2:      layout_loops_ring, marbit_many_paths, lemuel_round_altar,
          first_ration, nicolae_gozag_seed_capital, uniq_natasha
D:3:      layout_basic, minmay_misc_feat_tiny
D:4:      layout_cave_pods, minmay_temple_entry_water_ring

Skill      XL: |  1  2  3  4  5 |
---------------+----------------+-----
Dodging        | 2 |  2.6
Fighting       | 2 3 |  3.6
Transmutations | 3 |  3.0
Unarmed Combat | |  3.7
Spellcasting   | |  2.8

Action                   |  1- 3 |  4- 6 || total
-------------------------+-------+-------++-------
Melee: Unarmed           |   169 |   184 ||   353
       Tailslap          |    19 |    14 ||    33
       Kick              |     2 |     5 ||     7
       Headbutt          |     4 |     2 ||     6
       Punch             |       |     1 ||     1
 Cast: Beastly Appendage |     7 |     4 ||    11
       Sticks to Snakes  |       |     1 ||     1
 Stab: Sleeping          |     2 |     1 ||     3
  Eat: Chunk             |     5 |     6 ||    11
Armor: Skin              |    47 |    65 ||   112
Dodge: Dodged            |    97 |   130 ||   227
